 Dungeon Crawl Stone Soup version 0.19.4-8-ga85b6b9 (webtiles) character file.

5672 vatarom the Frost Mage (level 10, -19/70 HPs)
             Began as a Merfolk Ice Elementalist on Feb 7, 2017.
             Was a Priest of Sif Muna.
             Demolished by a phantasmal warrior (31 damage)
             ... led by a death knight
             ... on level 9 of the Dungeon on Feb 8, 2017.
             The game lasted 00:42:18 (14236 turns).

vatarom the Frost Mage (Merfolk Ice Elementalist)  Turns: 14236, Time: 00:42:19

Health: -19/70     AC: 16    Str: 13    XL:     10   Next: 75%
Magic:  11/20      EV: 13    Int: 21    God:    Sif Muna [***...]
Gold:   632        SH:  0    Dex: 14    Spells: 7 memorised, 3 levels left

rFire  x . .     SeeInvis .     q - staff of cold
rCold  + + .     Gourm    .     a - +0 robe
rNeg   . . .     Faith    .     (no shield)
rPois  .         Spirit   .     (helmet restricted)
rElec  .         Reflect  .     g - +2 cloak
rCorr  .         Harm     .     k - +1 pair of gloves
MR     .....                    (no boots)
Stlth  ++........               (no amulet)
                                h - ring of ice
                                p - +5 ring of intelligence

@: icy armour, vulnerable, repel missiles, divine energy, slow
A: change form in water, swift swim, stealthy swim, horns 1, mutation resistance
1, strong 1
a: Stop Divine Energy, Channel Magic, Renounce Religion


You were on level 9 of the Dungeon.
You worshipped Sif Muna.
Sif Muna was most pleased with you.
You were not hungry.

You visited 2 branches of the dungeon, and saw 11 of its levels.

You collected 632 gold pieces.

Inventory:

Hand Weapons
 c - a +1 glaive of venom
 n - a +1 trident of freezing
Armour
 a - a +0 robe (worn)
 g - a +2 cloak (worn)
 k - a +1 pair of gloves (worn)
 v - a +0 troll leather armour
Magical Staves
 q - an uncursed staff of cold (weapon)
 u - an uncursed staff of wizardry
Jewellery
 h - a ring of ice (right hand)
 i - a +4 ring of slaying
 p - a +5 ring of intelligence (left hand)
 w - an uncursed ring of magical power
Wands
 r - a wand of teleportation (8/9)
Scrolls
 e - a scroll of amnesia
 f - a scroll of fear
 l - 15 scrolls of identify
 m - a scroll of teleportation
 o - a scroll of enchant weapon
 s - 3 scrolls of remove curse
 B - a scroll of silence {unknown}
 D - a scroll of magic mapping
Potions
 d - a potion of cancellation
 A - a potion of heal wounds
Books
 b - a book of Frost

   Spells                             Type                      Level
   a - Freeze                         Ice                          1
   b - Throw Frost                    Conjuration/Ice              2
   c - Ozocubu's Armour               Charms/Ice                   3
   d - Throw Icicle                   Conjuration/Ice              4
   e - Summon Ice Beast               Ice/Summoning                4
 y - a book of Minor Magic

   Spells                             Type                      Level
   a - Magic Dart                     Conjuration                  1
   b - Blink                          Translocation                2
   c - Call Imp                       Summoning                    2
   d - Repel Missiles                 Charms/Air                   2
   e - Slow                           Hexes                        2
   f - Conjure Flame                  Conjuration/Fire             3
   g - Mephitic Cloud                 Conjuration/Poison/Air       3
Comestibles
 j - 2 royal jellies
 t - 3 bread rations
 x - 2 beef jerkies
 z - 4 fruits


   Skills:
 - Level 3.5 Fighting
 - Level 2.7(5.3) Polearms
 - Level 4.0(4.2) Staves
 - Level 2.6 Dodging
 - Level 2.1 Stealth
 - Level 6.9 Spellcasting
 - Level 4.0 Conjurations
 - Level 3.2 Charms
 - Level 8.0 Ice Magic
 + Level 5.5 Poison Magic
 * Level 7.3 Invocations


You had 3 spell levels left.
You knew the following spells:

 Your Spells              Type           Power        Failure   Level  Hunger
a - Freeze                Ice            ####         1%          1    None
b - Throw Frost           Conj/Ice       ######       1%          2    None
c - Ozocubu's Armour      Chrm/Ice       ######..     2%          3    #......
d - Throw Icicle          Conj/Ice       ######..     10%         4    ###....
e - Summon Ice Beast      Ice/Summ       ######..     21%         4    ###....
f - Repel Missiles        Chrm/Air       ##....       10%         2    None
g - Mephitic Cloud        Conj/Pois/Air  ###.....     10%         3    #......


Dungeon Overview and Level Annotations

Branches:
Dungeon (10/15)            Temple (1/1) D:6             Orc (0/2) D:9
   Lair: D:8-11

Altars:
Ashenzari
Cheibriados
Dithmenos
Elyvilon
Fedhas
Gozag
Hepliaklqana
Kikubaaqudgha
Makhleb
Nemelex Xobeh
Okawaru
Qazlal
Ru
Sif Muna
Trog
Uskayaw
Vehumet
Xom
Yredelemnul
Zin
The Shining One

Shops:
D:7 (


Innate Abilities, Weirdness & Mutations

You revert to your normal form in water.
You are very nimble and swift while swimming.
You are very stealthy in the water. (Stealth+)
You have a pair of small horns on your head.
You are somewhat resistant to further mutation.
Your muscles are strong. (Str +2)


Message History

Sif Muna accepts your kill.
The phantasmal warrior blinks!
The phantasmal warrior blinks!
The phantasmal warrior hits you!
There is a stone staircase leading up, spattered with blood here.
The death knight offers itself to Yredelemnul, and fills with unholy energy.
Your ice beast closely misses the phantasmal warrior.
The phantasmal warrior hits you!!
* * * LOW HITPOINT WARNING * * *
You climb upwards.
There is a stone staircase leading down here.
Unknown command.
Unknown command.
Okay, then.
Press: ? - help, v - describe, . - travel
Here: a phantasmal warrior (moderately damaged)
The floor.
The phantasmal warrior blinks!
The phantasmal warrior hits you!!
You die...

.####.####.###................#.#
.# #.#....#.............#####.#.#
.# ##)####.#####..........###.#.#
.# #.# #.# ##...#...#.##....# .#
#[####.# ##..##.##.##..###
.####.##...## #..##.#...#..#..
.........>..# #..##.#.#†#..#.#
#####..#...>######..##.#.....>#.#
# #..##....§..@......#..###.#.# #
#..########W##.##..#..###.#.# #
#..# #.##.##.........#.#
#####..##### #......<....#####.#
.##....#...####.......#...# #.#
.##.#....#............#...# #.#
.##.##...#..............<.# #.#
##.....#####..#...........#####.#
##.##...#....#.###.#...........#


You could see a phantasmal warrior.

Vanquished Creatures
  The ghost of Thrillho the Thaumaturge, a novice DECj of Vehumet (D:6)
  2 trolls
  Eustachio (D:6)
  Duvessa (D:6)
  An orc warrior (D:6)
  A sky beast (D:8)
  3 phantoms
  3 ogres
  The ghost of Chiseanne the Magician, an amateur DsWn (D:4)
  2 centaurs
  3 bullfrogs
  A scorpion (D:10)
  Dowan (D:6)
  8 killer bees
  A wight (D:5)
  4 howler monkeys
  A centaur zombie (D:3)
  3 crimson imps
  2 hounds
  A quasit (D:10)
  A centaur skeleton (D:6)
  2 jellies (D:9)
  An orc priest (D:4)
  Crazy Yiuf (D:4)
  Terence (D:3)
  Jessica (D:3)
  4 iguanas
  2 orc wizards
  4 worker ants
  2 worker ant zombies
  8 adders
  6 gnolls
  A shadow imp (D:6)
  An ooze (D:6)
  An adder zombie (D:5)
  6 worms
  2 adder skeletons
  A dart slug (D:1)
  10 leopard geckos
  17 orcs
  7 bats
  2 giant cockroaches (D:2)
  9 hobgoblins
  10 jackals
  6 quokkas
  2 ball pythons
  9 frilled lizards
  15 goblins
  8 kobolds
  7 rats
188 creatures vanquished.

Vanquished Creatures (collateral kills)
  A hill giant (D:10)
  A hippogriff (D:10)
  A wyvern (D:8)
  A wraith (D:10)
  A black bear (D:8)
  A sky beast (D:10)
  5 ogres
  A centaur (D:8)
  A necrophage (D:8)
  2 big kobolds
  3 bullfrogs
  18 killer bees
  3 howler monkeys
  2 crimson imps
  2 bullfrog zombies (D:8)
  2 hounds
  A jelly (D:8)
  An orc wizard (D:10)
  A centaur skeleton (D:8)
  An orc priest (D:7)
  An iguana (D:8)
  A worker ant (D:8)
  A gnoll (D:9)
  An adder (D:9)
  A shadow imp (D:7)
  An adder skeleton (D:9)
  A worm (D:6)
  5 orcs
  A giant cockroach (D:6)
  A goblin (D:8)
  7 kobolds
70 creatures vanquished.

Grand Total: 258 creatures vanquished

Notes
Turn   | Place    | Note
-------+----------+-------------------------------------------
     0 | D:1      | vatarom the Merfolk Ice Elementalist began the quest for the Orb.
     0 | D:1      | Reached XP level 1. HP: 13/13 MP: 3/3
   206 | D:1      | Reached XP level 2. HP: 7/20 MP: 3/5
   207 | D:1      | Reached skill level 1 in Fighting
   425 | D:1      | Learned a level 2 spell: Throw Frost
   904 | D:1      | Reached XP level 3. HP: 27/27 MP: 3/6
   976 | D:1      | Reached skill level 4 in Ice Magic
   981 | D:1      | Learned a level 3 spell: Ozocubu's Armour
  1158 | D:2      | Found a deep blue altar of Sif Muna.
  1263 | D:2      | Became a worshipper of Sif Muna the Loreminder
  1301 | D:2      | Reached XP level 4. HP: 25/34 MP: 0/7
  2601 | D:3      | Noticed Terence
  2641 | D:3      | Killed Terence
  2641 | D:3      | Reached skill level 5 in Ice Magic
  2641 | D:3      | Reached XP level 5. HP: 32/41 MP: 0/8
  2933 | D:3      | Reached skill level 1 in Conjurations
  2937 | D:3      | Noticed Jessica
  2990 | D:3      | HP: 1/41 [worm (9)]
  3325 | D:3      | Killed Jessica
  3436 | D:3      | Reached XP level 6. HP: 12/47 MP: 0/9
  3764 | D:3      | Found a radiant altar of Vehumet.
  4170 | D:4      | Noticed Chiseanne's ghost (amateur DsWn)
  4176 | D:4      | Killed Chiseanne's ghost
  4519 | D:4      | Found a runed door.
  4604 | D:4      | Noticed Crazy Yiuf
  4608 | D:4      | Killed Crazy Yiuf
  4608 | D:4      | Reached * piety under Sif Muna
  4831 | D:4      | Reached skill level 6 in Ice Magic
  4831 | D:4      | Reached XP level 7. HP: 51/52 MP: 8/10
  4872 | D:4      | Learned a level 4 spell: Throw Icicle
  4876 | D:4      | Reached skill level 1 in Polearms
  5670 | D:5      | Entered Level 5 of the Dungeon
  5796 | D:5      | Found a shimmering altar of Xom.
  5964 | D:5      | Identified a scroll of acquirement
  6257 | D:5      | Reached skill level 1 in Staves
  6441 | D:5      | Found a basalt altar of Yredelemnul.
  6441 | D:5      | Found a burning altar of Makhleb.
  6550 | D:5      | Found a shadowy altar of Dithmenos.
  6550 | D:5      | Found a hide-covered altar of Uskayaw.
  6623 | D:6      | Noticed Eustachio
  6671 | D:6      | Killed Eustachio
  6671 | D:6      | Reached XP level 8. HP: 37/58 MP: 1/12
  6968 | D:6      | Noticed Duvessa
  6968 | D:6      | Noticed Dowan
  6970 | D:6      | Killed Dowan
  6995 | D:6      | Killed Duvessa
  6995 | D:6      | Reached ** piety under Sif Muna
  7151 | D:6      | Noticed Thrillho's ghost (novice DECj)
  7298 | D:6      | Found a staircase to the Ecumenical Temple.
  7324 | Temple   | Entered the Ecumenical Temple
  7823 | D:6      | Reached skill level 7 in Ice Magic
  8203 | D:6      | Killed Thrillho's ghost
  8203 | D:6      | Reached skill level 5 in Spellcasting
  8203 | D:6      | Reached XP level 9. HP: 43/64 MP: 3/16
  8409 | D:6      | Learned a level 4 spell: Summon Ice Beast
  8868 | D:7      | Found Maoserph's Antique Weapon Shop.
  8934 | D:7      | Found a snail-covered altar of Cheibriados.
  8960 | D:7      | Reached skill level 1 in Charms
  9329 | D:7      | Found a stormy altar of Qazlal.
 10001 | D:7      | Learned a level 2 spell: Repel Missiles
 10005 | D:7      | Learned a level 3 spell: Mephitic Cloud
 10420 | D:8      | Reached skill level 8 in Ice Magic
 10671 | D:8      | Reached skill level 1 in Poison Magic
 10712 | D:8      | Found an opulent altar of Gozag.
 11076 | D:8      | Reached *** piety under Sif Muna
 11142 | D:8      | Reached skill level 1 in Invocations
 11481 | D:8      | Reached XP level 10. HP: 69/69 MP: 2/20
 11784 | D:8      | Found a bloodstained altar of Trog.
 11837 | D:8      | Found an iron altar of Okawaru.
 12119 | D:9      | Gained mutation: You are somewhat resistant to further mutation. [potion of beneficial mutation]
 12120 | D:9      | Gained mutation: You have a pair of small horns on your head. [potion of mutation]
 12120 | D:9      | Gained mutation: Your muscles are strong. (Str +2) [potion of mutation]
 12121 | D:9      | Found a staircase to the Orcish Mines.
 12708 | D:9      | Found a hazy altar of Hepliaklqana.
 12802 | D:9      | Reached skill level 5 in Invocations
 13281 | D:10     | Entered Level 10 of the Dungeon
 13583 | D:10     | Reached skill level 5 in Poison Magic
 13591 | D:10     | Noticed a death knight
 13681 | D:10     | Noticed a phantasmal warrior
 13933 | D:10     | Noticed a hill giant
 13985 | D:10     | Noticed a hill giant
 13992 | D:10     | Killed a hill giant
 14223 | D:10     | Noticed a phantasmal warrior
 14236 | D:9      | Demolished by a phantasmal warrior

Skill      XL: |  1  2  3  4  5  6  7  8  9 10 |
---------------+-------------------------------+-----
Fighting       | 1 2 3 |  3.5
Ice Magic      | 4 5 6 7 8 |  8.0
Conjurations   | 1 3 4 |  4.0
Polearms       | 2 |  2.7
Staves         | 1 4 |  4.0
Spellcasting   | 3 5 6 |  6.9
Charms         | 3 |  3.2
Poison Magic   | 2 5 |  5.5
Invocations    | 2 7 |  7.3
Dodging        | |  2.6
Stealth        | |  2.1

Action                   |  1- 3 |  4- 6 |  7- 9 | 10-12 || total
-------------------------+-------+-------+-------+-------++-------
Melee: Short sword       |    56 |    70 |       |       ||   126
       Trident           |       |     4 |   176 |       ||   180
       Staff             |       |       |    30 |    28 ||    58
       Glaive            |       |       |    15 |       ||    15
       Tailslap          |       |       |       |     2 ||     2
       Headbutt          |       |       |       |     1 ||     1
 Cast: Freeze            |    25 |    67 |    53 |    50 ||   195
       Throw Frost       |    10 |    23 |    34 |     2 ||    69
       Ozocubu's Armour  |     1 |     2 |     4 |     7 ||    14
       Throw Icicle      |       |       |    38 |    22 ||    60
       Summon Ice Beast  |       |       |    25 |    32 ||    57
       Mephitic Cloud    |       |       |     1 |       ||     1
       Repel Missiles    |       |       |     1 |       ||     1
Invok: Divine Energy     |       |       |     2 |     4 ||     6
       Stop Divine Energ |       |       |     2 |     3 ||     5
       Channel Magic     |       |       |       |     2 ||     2
  Use: Scroll            |     2 |     6 |     5 |       ||    13
       Potion            |       |     8 |     6 |     3 ||    17
 Stab: Sleeping          |     2 |     7 |     4 |       ||    13
       Invisible         |       |     2 |       |       ||     2
       Distracted        |       |       |     1 |       ||     1
  Eat: Bread ration      |     1 |     2 |     3 |     1 ||     7
       Chunk             |       |     2 |     6 |     1 ||     9
       Pizza             |       |     2 |       |       ||     2
       Meat ration       |       |       |     2 |     1 ||     3
       Beef jerky        |       |       |     1 |     3 ||     4
       Fruit             |       |       |       |     1 ||     1
Armor: Robe              |    11 |     7 |    55 |    40 ||   113
Dodge: Dodged            |    52 |    83 |   171 |    96 ||   402
